 Dungeon Crawl Stone Soup version 0.18.1-48-g4cf74bf (webtiles) character file.

2170 dorian the Carver (level 8, 48/62 HPs)
             Began as a Demigod Fighter on Sept 1, 2016.
             Quit the game on level 6 of the Dungeon.
             The game lasted 00:15:36 (8155 turns).

dorian the Carver (Demigod Fighter)                 Turns: 8155, Time: 00:15:36

Health: 48/62      AC: 12    Str: 23    XL:     8   Next: 86%
Magic:  10/10      EV: 12    Int:  8    God:
Gold:   327        SH: 11    Dex: 19    Spells: 0 memorised, 7 levels left

rFire  + . .     SeeInvis .     a - +0 long sword
rCold  . . .     Gourm    .     b - +0 scale mail
rNeg   . . .     Faith    .     c - +0 shield
rPois  .         Spirit   .     A - +1 helmet
rElec  .         Dismiss  .     (no cloak)
rCorr  .         Reflect  .     (no gloves)
SustAt +         Harm     .     (no boots)
MR     +....                    (no amulet)
Stlth  ..........               D - +4 ring of protection
                                E - ring of Myni {rF+ MR+ Str+4 Int-4}

@: somewhat resistant to hostile enchantments, extremely unstealthy
A: high mp 1, sustain attributes
a: no special abilities


You were on level 6 of the Dungeon.
You were very hungry.

You visited 1 branch of the dungeon, and saw 6 of its levels.
You also visited: Sewer.

You collected 327 gold pieces.

Inventory:

Hand Weapons
 a - a +0 long sword (weapon)
 o - a +3 dagger of draining
   (You took it off Ijyb on level 3 of the Dungeon)
Missiles
 B - 6 javelins (quivered)
Armour
 b - a +0 scale mail (worn)
 c - a +0 shield (worn)
 q - a +2 hat
   (You found it on level 3 of the Dungeon)
 A - a +1 helmet (worn)
   (You found it on level 5 of the Dungeon)
Jewellery
 n - an uncursed ring of sustain attributes
   (You found it on level 2 of the Dungeon)
 x - an uncursed ring of sustain attributes
   (You found it on level 4 of the Dungeon)
 D - a +4 ring of protection (right hand)
   (You found it on level 6 of the Dungeon)
 E - the ring of Myni (left hand) {rF+ MR+ Str+4 Int-4}
   (You found it on level 6 of the Dungeon)

   [ring of protection from fire]

   It affects your strength (+4).
   It affects your intelligence (-4).
   It protects you from fire.
   It affects your resistance to hostile enchantments.
Wands
 v - a wand of random effects (14/48)
   (You found it on level 4 of the Dungeon)
 w - a wand of random effects (21/48)
   (You found it on level 4 of the Dungeon)
Scrolls
 g - 11 scrolls of identify {unknown}
 i - a scroll of fear {unknown}
 j - 2 scrolls of magic mapping {unknown}
 r - 2 scrolls of recharging {unknown}
 s - 7 scrolls of teleportation {unknown}
 t - a scroll of fog {unknown}
 y - 2 scrolls of remove curse {unknown}
 C - a scroll of amnesia {unknown}
Potions
 d - a potion of might
 e - 2 potions of lignification {unknown}
 h - 2 potions of ambrosia
 k - a potion of agility {unknown}
 l - 3 potions of heal wounds {unknown}
 m - 3 potions of degeneration {unknown}
 p - 2 potions of curing {unknown}
 u - 2 potions of flight {unknown}
 z - a potion of mutation {unknown}
Comestibles
 f - 7 bread rations
 F - a slice of pizza


   Skills:
 - Level 2.6 Fighting
 * Level 8.2 Long Blades
 - Level 2.6 Armour
 + Level 4.9 Dodging
 + Level 6.2 Shields


You had 7 spell levels left.
You didn't know any spells.

Dungeon Overview and Level Annotations

Branches:
Dungeon (6/15)             Temple (0/1) D:4

Shops:
D:4 [


Innate Abilities, Weirdness & Mutations

You have an increased reservoir of magic (+10% MP).
Your attributes are resistant to harm.


Message History

You barely miss the phantom.
The phantom is heavily damaged.
The phantom hits you but does no damage.
You hit the phantom.
The phantom is heavily damaged.
You feel sick.
The phantom blinks!
You feel sick.
Throwing (i - inventory):
B - 6 javelins (quivered)
Press: ? - help, Shift-Dir - straight line, f - phantom
Aim: a phantom (heavily damaged)
You throw a javelin. The javelin hits the phantom!
The phantom is severely damaged.
You feel sick.
You closely miss the phantom.
The phantom is severely damaged.
The phantom blinks!
Throwing (i - inventory):
B - 5 javelins (quivered)
Press: ? - help, Shift-Dir - straight line, f/p - phantom
Aim: a phantom (severely damaged)
You throw a javelin. The javelin closely misses the phantom.
Throwing (i - inventory):
B - 4 javelins (quivered)
Press: ? - help, Shift-Dir - straight line, f/p - phantom
Aim: a phantom (severely damaged)
You throw a javelin. The javelin hits the phantom.
The phantom is severely damaged.
You feel sick. The phantom barely misses you.
You barely miss the phantom.
The phantom is severely damaged.
The phantom hits you.
* * * LOW HITPOINT WARNING * * *
You slash the phantom!
The phantom is almost destroyed.
The phantom hits you.
* * * LOW HITPOINT WARNING * * *
You closely miss the phantom.
The phantom is almost destroyed.
You feel sick.
You are no longer poisoned.
The phantom closely misses you.
You hit the phantom.
You destroy the phantom!
B - 4 javelins (gained 1)
B - 5 javelins (gained 1)
B - 6 javelins (gained 1)
You start resting.
You are feeling hungry.
You start resting.
You are feeling very hungry.
A worker ant comes into view.
Are you sure you want to abandon this character and quit the game? (Confirm with "yes".)

#####..##......##
#########.
#>.##......#
#......##.
..##..a.....#
#......##.
##.##.#......#
#......##.
............###
#......##.
#..............#
#.......')
#..)...........#
##.....##.
#########.)....#
#.....##.
#..))......@#
###...###
#...))......#
#...#
##...........#
#...###
#............#
#...'..
#............#
#...#..
#............#
#...#..
#.....########
########...#..
#.....#
#..........#..
#.....#
#.............


You could see a worker ant (wandering).

Vanquished Creatures
  An orc warrior (D:5)
  2 ice beasts (D:5)
  A phantom (D:6)
  A sky beast (D:5)
  2 ogres
  A centaur (D:5)
  3 big kobolds (Sewer)
  A giant frog (D:6)
  A gnoll sergeant (D:6)
  A jelly (D:6)
  A howler monkey (D:4)
  A giant frog zombie (D:6)
  A quasit (D:5)
  A gnoll shaman (D:6)
  9 orc wizards
  3 orc priests
  2 hounds (D:5)
  Ijyb (D:3)
  6 worker ants
  14 gnolls
  A howler monkey skeleton (D:6)
  11 adders
  3 shadow imps
  4 oozes
  2 adder skeletons
  7 worms
  A dart slug (D:2)
  2 giant geckos
  19 orcs
  7 ball pythons
  3 giant cockroaches
  9 goblins
  8 hobgoblins
  7 jackals
  6 bats
  3 giant newts
  5 kobolds
  A quokka skeleton (D:6)
  12 rats
164 creatures vanquished.

Notes
Turn   | Place    | Note
--------------------------------------------------------------
     0 | D:1      | dorian the Demigod Fighter began the quest for the Orb.
     0 | D:1      | Reached XP level 1. HP: 18/18 MP: 3/3
    73 | D:1      | Reached skill level 2 in Long Blades
   188 | D:1      | Reached XP level 2. HP: 24/25 MP: 4/4
   429 | D:1      | Reached skill level 3 in Shields
   779 | D:2      | Reached XP level 3. HP: 24/30 MP: 5/5
  1053 | D:2      | Reached skill level 3 in Long Blades
  1290 | D:2      | Reached skill level 1 in Dodging
  1290 | D:2      | Reached XP level 4. HP: 29/37 MP: 6/6
  1868 | D:3      | Noticed Ijyb
  1879 | D:3      | Killed Ijyb
  2142 | D:3      | Found a blossoming altar of Fedhas.
  2393 | D:3      | Found a glowing drain.
  2398 | Sewer    | Entered a sewer
  2452 | Sewer    | HP: 18/37 [adder (3)]
  2459 | Sewer    | HP: 16/37 [poisoned by an adder]
  2464 | Sewer    | Reached skill level 4 in Long Blades
  2464 | Sewer    | Reached XP level 5. HP: 14/42 MP: 7/7
  2464 | Sewer    | HP: 13/42 [poisoned by an adder]
  2471 | Sewer    | HP: 11/42 [poisoned by an adder]
  2479 | Sewer    | HP: 10/42 [poisoned by an adder]
  2754 | Sewer    | Reached skill level 2 in Dodging
  2754 | Sewer    | Reached skill level 4 in Shields
  2754 | Sewer    | Reached XP level 6. HP: 26/50 MP: 8/8
  3109 | Sewer    | Reached skill level 5 in Long Blades
  3382 | D:4      | HP: 19/50 [something/puff of flame (9)]
  3789 | D:4      | Found Ynozof's Antique Armour Emporium.
  4033 | D:4      | Reached XP level 7. HP: 52/56 MP: 9/9
  4152 | D:4      | Found a staircase to the Ecumenical Temple.
  4258 | D:4      | Reached skill level 3 in Dodging
  4505 | D:5      | Entered Level 5 of the Dungeon
  4632 | D:5      | HP: 26/56 [gnoll/spear (5)]
  4643 | D:5      | Reached skill level 6 in Long Blades
  4907 | D:5      | Reached skill level 5 in Shields
  5085 | D:5      | Found an ancient bone altar of Kikubaaqudgha.
  5554 | D:5      | Reached XP level 8. HP: 61/62 MP: 10/10
  5591 | D:5      | HP: 31/62 [ice beast (1)]
  5592 | D:5      | HP: 11/62 [ice beast (5)]
  5599 | D:5      | HP: 11/62 [ice beast (2)]
  5599 | D:5      | HP: 4/62 [ice beast (7)]
  5601 | D:5      | Reached skill level 4 in Dodging
  6086 | D:6      | Reached skill level 7 in Long Blades
  6091 | D:6      | HP: 27/62 [acid (5)]
  6095 | D:6      | HP: 13/62 [acid (5)]
  6095 | D:6      | HP: 6/62 [acid (6)]
  6769 | D:6      | HP: 27/62 [gnoll sergeant/trident (6)]
  6774 | D:6      | HP: 7/62 [gnoll sergeant/trident (9)]
  7360 | D:5      | HP: 31/62 [orc wizard/dagger (2)]
  7361 | D:5      | Reached skill level 6 in Shields
  7741 | D:6      | Got a pitted copper ring
  7742 | D:6      | Identified the ring of Myni {rF+ MR+ Str+4 Int-4} (You found it on level 6 of the Dungeon)
  7824 | D:6      | Reached skill level 8 in Long Blades
  7908 | D:6      | HP: 31/62 [phantom (3)]
  7913 | D:6      | HP: 21/62 [poisoned by a gnoll]
  7918 | D:6      | HP: 26/62 [poisoned by a gnoll]
  7923 | D:6      | HP: 29/62 [poisoned by a gnoll]
  7928 | D:6      | HP: 21/62 [poisoned by a gnoll]
  7934 | D:6      | HP: 18/62 [poisoned by a gnoll]
  7939 | D:6      | HP: 12/62 [poisoned by a gnoll]
  7946 | D:6      | HP: 12/62 [poisoned by a gnoll]
  7951 | D:6      | HP: 8/62 [phantom (1)]
  8155 | D:6      | Quit the game

Skill      XL: |  1  2  3  4  5  6  7  8 |
---------------+-------------------------+-----
Long Blades    | 2 3 4 5 6 8 |  8.2
Shields        | 3 4 5 6 |  6.2
Dodging        | 1 2 3 4 |  4.9
Fighting       | |  2.6
Armour         | |  2.6

Action                   |  1- 3 |  4- 6 |  7- 9 || total
-------------------------+-------+-------+-------++-------
Melee: Long sword        |   108 |   283 |   352 ||   743
Throw: Javelin           |       |       |     3 ||     3
  Use: Potion            |       |       |     4 ||     4
  Eat: Chunk             |     1 |     8 |    10 ||    19
       Beef jerky        |       |     1 |     2 ||     3
Armor: Scale mail        |    34 |   122 |   126 ||   282
Dodge: Dodged            |    28 |    84 |   123 ||   235
Block: Shield            |    42 |   151 |   185 ||   378
